 Dungeon Crawl Stone Soup version 0.32-a0-39-g5c88369fb2 (webtiles) character file.

Game seed: 18008400286473114436

8612 bestjelly the Severer (level 11, -1/123 HPs)
             Began as a Minotaur Berserker on Jan 28, 2024.
             Was an Elder of Trog.
             Succumbed to a killer bee's poison
             ... on level 9 of the Dungeon.
             The game lasted 00:25:02 (11442 turns).

bestjelly the Severer (Minotaur Berserker)         Turns: 11442, Time: 00:25:02

Health: -1/123     AC: 25    Str: 26    XL:     11   Next: 12%
Magic:  10/10      EV:  2    Int:  4    God:    Trog [****..]
Gold:   603        SH:  0    Dex: 10    Spells: 10/10 levels left

rFire   . . .        l - +0 morningstar
rCold   . . .        (no shield)
rNeg    . . .        e - melded +0 plate armour
rPois   +            (helmet currently unavailable)
rElec   .            T - melded scarf {repulsion}
rCorr   .            t - melded +0 pair of gloves
SInv    .            j - melded +1 pair of boots
Will    +....        (no amulet)
Stlth   +            d - ring of willpower
HPRegen 0.40/turn    (no ring)
MPRegen 0.12/turn

%: no passive effects
@: lethally poisoned (-1 -> -6), tree-form, studying Polearms
A: stationary, stasis, torment immunity, boosted hp, (horns 2), (retaliatory
headbutt)
a: Renounce Religion, Berserk, Trog's Hand, Brothers in Arms


You were on level 9 of the Dungeon.
You worshipped Trog.
Trog was greatly pleased with you.
You were a tree.
You visited 1 branch of the dungeon, and saw 9 of its levels.
You also visited: Bailey.

You collected 603 gold pieces.

Inventory:

Hand Weapons
 a - a +0 hand axe
 l - a +0 morningstar (weapon)
 P - a +2 quarterstaff of chaos
Missiles
 z - 2 throwing nets (quivered)
Armour
 b - a +0 animal skin
 e - a +0 plate armour (melded)
 j - a +1 pair of boots (melded)
 k - a +0 ring mail
 t - a +0 pair of gloves (melded)
 x - a +0 chain mail
 C - a +0 cloak
 Q - a +1 cloak
 T - a scarf of repulsion (melded)
Jewellery
 d - a ring of willpower (left branch)
 F - a ring of resist corrosion
 L - an amulet of magic regeneration
Wands
 f - a wand of mindburst (12)
 r - a wand of flame (45)
 w - a wand of paralysis (9)
 H - a wand of polymorph (4)
 M - a wand of quicksilver (6)
Scrolls
 g - 4 scrolls of teleportation
 i - 3 scrolls of immolation
 m - 2 scrolls of noise
 n - 5 scrolls of fear
 p - a scroll of torment {unknown}
 y - a scroll of poison {unknown}
 B - a scroll of amnesia {unknown}
 J - a scroll of fog {unknown}
 K - a scroll of summoning {unknown}
 S - 3 scrolls of identify
Potions
 c - a potion of invisibility {unknown}
 h - 2 potions of mutation {unknown}
 o - 2 potions of curing {unknown}
 q - 2 potions of cancellation
 s - 3 potions of lignification
 u - a potion of degeneration
 v - 2 potions of magic {unknown}
 A - 2 potions of ambrosia {unknown}
 D - 2 potions of heal wounds {unknown}
 E - 2 potions of attraction {unknown}
 G - a potion of might
 I - a potion of haste {unknown}
 O - a potion of enlightenment {unknown}
 R - a potion of brilliance {unknown}
Miscellaneous
 N - a phial of floods (inert)


   Skills:
 - Level 3.6 Fighting
 + Level 20.1 Axes
 - Level 2.4 Armour
 - Level 2.1 Dodging


You had 10 spell levels left.
You didn't know any spells.
Your spell library was empty.

Dungeon Overview and Level Annotations

Branches:
Dungeon (9/15)             Temple (0/1) D:4            Lair (0/5) D:8
 Bailey (visited)
    Orc: D:9-12

Altars:
Ashenzari
Cheibriados
Fedhas
Gozag
Kikubaaqudgha
Okawaru
Qazlal
Ru
Trog
Vehumet
Wu Jian
Xom
Yredelemnul


Innate Abilities, Weirdness & Mutations

You are a tree.
Your roots penetrate the ground, keeping you stationary.
You cannot be teleported.
You are immune to unholy pain and torment.
Your maximum health is greatly increased.
Your equipment is partially melded.
((You have a pair of horns on your head.))
((You reflexively headbutt those who attack you in melee.))


Message History

The killer bee barely misses you. You furiously retaliate!
You headbutt the killer bee.
The killer bee stings you but does no damage.
The killer bee stings you.
* * * LOW HITPOINT WARNING * * *
You miss the killer bee. Your headbutt misses the killer bee.
The killer bee is heavily wounded.
The killer bee stings you but does no damage. x2
The killer bee stings you.
* * * LOW HITPOINT WARNING * * *
The killer bee stings you but does no damage.
You puncture the killer bee!
The killer bee is almost dead.
The killer bee stings you.
* * * LOW HITPOINT WARNING * * *
You are poisoned.
The killer bee poisons you! The killer bee stings you.
* * * LOW HITPOINT WARNING * * *
You are more poisoned.
The killer bee poisons you!
The killer bee stings you but does no damage.
You turn into a tree.
Your scarf of repulsion melds into your body.
Your +0 pair of gloves melds into your body.
Your +1 pair of boots melds into your body.
Your +0 plate armour melds into your body.
The haze of the repulsion field disappears.
Your roots penetrate the ground.
* * * LOW HITPOINT WARNING * * *
You feel very sick.
The killer bee stings you but does no damage. x3
The killer bee barely misses you.
You closely miss the killer bee.
The killer bee is almost dead.
* * * LOW HITPOINT WARNING * * *
You feel sick.
The killer bee stings you but does no damage. x3
You barely miss the killer bee.
The killer bee is almost dead.
You die...

......###..###......
#'######.....#..... ..#
......###..###...# ..#
......#.....##...# ..###
......##8..8##...# .....
......#..........# .....
#######.#######..# ..y#
........# #.>###########.~.#
........# #.♣y..........†..#
........# #..y...........~.#
........#######......#########.#
.....................# #
.....................#
.....................#
######################


You could see 2 killer bees.

Vanquished Creatures
  An orc knight (Bailey)
  Pikel (D:7)
  Maurice (D:7)
  A komodo dragon (D:8)
  Maggie (D:7)
  Grinder (D:5)
  A hornet (D:7)
  Prince Ribbit (D:7)
  7 yaks
  A steam dragon (D:6)
  A water moccasin (D:7)
  7 orc warriors
  A sky beast (D:4)
  3 ogres
  2 black bears
  2 centaurs
  4 lemures
  2 phantoms
  2 kobold brigands
  6 bullfrogs
  5 wights (D:9)
  5 killer bees
  6 howler monkeys
  A bombardier beetle (D:6)
  A jelly (D:5)
  5 hounds
  3 orc priests
  Crazy Yiuf (D:7)
  A sleepcap (D:5)
  Ijyb (D:5)
  6 iguanas
  8 orc wizards
  Natasha (thrice) (D:2)
  8 adders
  17 gnolls
  2 white imps (D:7)
  8 ufetubi
  2 dart slugs (D:2)
  A ribbon worm (D:4)
  21 orcs
  8 endoplasms
  3 giant cockroaches
  10 goblins
  8 hobgoblins
  8 jackals
  6 quokkas
  8 ball pythons
  4 bats
  7 frilled lizards
  12 kobolds
  2 rats
227 creatures vanquished.

Vanquished Creatures (collateral kills)
  A two-headed ogre (D:9)
  A deep elf pyromancer (Bailey)
  An orc priest (D:9)
  2 orc wizards (D:9)
5 creatures vanquished.

Grand Total: 232 creatures vanquished

Notes
Turn   | Place    | Note
-------+----------+-------------------------------------------
     0 | D:1      | bestjelly the Minotaur Berserker began the quest for the
                  | Orb.
     0 | D:1      | Reached XP level 1. HP: 19/19 MP: 0/0
   130 | D:1      | Reached skill level 4 in Axes
   169 | D:1      | Reached XP level 2. HP: 14/26 MP: 1/1
   373 | D:1      | Reached skill level 5 in Axes
   468 | D:1      | Reached XP level 3. HP: 30/31 MP: 2/2
   585 | D:1      | Reached ** piety under Trog
   880 | D:2      | Reached skill level 6 in Axes
   880 | D:2      | Reached XP level 4. HP: 31/39 MP: 3/3
  1025 | D:2      | Noticed Natasha
  1029 | D:2      | Killed Natasha
  1048 | D:2      | Found an iron altar of Okawaru.
  1129 | D:2      | Noticed Natasha
  1133 | D:2      | Killed Natasha
  1185 | D:2      | Reached XP level 5. HP: 45/45 MP: 4/4
  1264 | D:2      | Noticed Natasha
  1267 | D:2      | Killed Natasha
  1268 | D:2      | Reached skill level 7 in Axes
  1979 | D:3      | Reached *** piety under Trog
  1984 | D:3      | Reached skill level 8 in Axes
  2315 | D:3      | Reached XP level 6. HP: 48/51 MP: 5/5
  2515 | D:3      | Found a broken altar of Ashenzari.
  2544 | D:3      | Found a stormy altar of Qazlal.
  2561 | D:3      | Noticed an air elemental
  2561 | D:3      | Noticed a fire elemental
  2562 | D:3      | Noticed a water elemental
  3283 | D:4      | Identified the +2 short sword of Umewado {flame, rC+ Str+2
                  | Int+2}
  3296 | D:4      | Reached skill level 9 in Axes
  3376 | D:4      | Noticed a sky beast
  3387 | D:4      | Killed a sky beast
  3388 | D:4      | Reached XP level 7. HP: 57/57 MP: 6/6
  3392 | D:4      | Reached skill level 10 in Axes
  3828 | D:4      | Found a staircase to the Ecumenical Temple.
  3979 | D:4      | Found a shimmering altar of Xom.
  4033 | D:5      | Entered Level 5 of the Dungeon
  4044 | D:5      | Noticed Grinder
  4071 | D:5      | Killed Grinder
  4072 | D:5      | Reached skill level 11 in Axes
  4095 | D:5      | Reached XP level 8. HP: 64/64 MP: 7/7
  4153 | D:5      | Reached skill level 12 in Axes
  4155 | D:5      | Reached **** piety under Trog
  4912 | D:5      | Noticed Ijyb
  4924 | D:5      | Killed Ijyb
  5246 | D:6      | Reached skill level 13 in Axes
  5304 | D:6      | Found a radiant altar of Vehumet.
  5322 | D:6      | Reached skill level 14 in Axes
  5401 | D:6      | Reached XP level 9. HP: 18/70 MP: 8/8
  5884 | D:6      | Found a blossoming altar of Fedhas.
  6361 | D:7      | Noticed Pikel
  6362 | D:7      | Found a flagged portal.
  6431 | D:7      | Killed Pikel
  6432 | D:7      | Reached skill level 15 in Axes
  6613 | Bailey   | Entered a bailey
  6722 | Bailey   | Noticed an orc knight
  6732 | Bailey   | Killed an orc knight
  6733 | Bailey   | Reached skill level 16 in Axes
  6961 | Bailey   | Found a large runed translucent door.
  6961 | Bailey   | Found a large runed translucent door.
  6965 | Bailey   | Noticed a deep elf pyromancer
  7102 | Bailey   | Killed a deep elf pyromancer
  7103 | Bailey   | Reached skill level 17 in Axes
  7103 | Bailey   | Reached XP level 10. HP: 77/77 MP: 9/9
  7449 | Bailey   | Identified the +0 helmet of Ryrr {rElec rN+ Dex+4}
  7522 | D:7      | Noticed Maggie
  7545 | D:7      | Killed Maggie
  7546 | D:7      | Noticed Jeremiah
  7562 | D:7      | Jeremiah changed into Jeremiah the iguana
  7562 | D:7      | Noticed Jeremiah
  7568 | D:7      | Killed Jeremiah the iguana
  7819 | D:7      | Found an opulent altar of Gozag.
  7825 | D:7      | Found a basalt altar of Yredelemnul.
  7830 | D:7      | Found a sacrificial altar of Ru.
  7834 | D:7      | Found a snail-covered altar of Cheibriados.
  7899 | D:7      | Noticed Maurice
  7904 | D:7      | Something stole an amulet of magic regeneration
  7910 | D:7      | Something stole 377 gold
  7912 | D:7      | Something stole a phial of floods
  7913 | D:7      | Something stole 2 throwing nets
  7914 | D:7      | Something stole a +0 hand axe
  7916 | D:7      | Something stole 82 gold
  7927 | D:7      | Killed Maurice
  8246 | D:7      | Paralysed by a hornet for 2 turns
  8431 | D:7      | Noticed Prince Ribbit
  8437 | D:7      | Killed Prince Ribbit
  8438 | D:7      | Reached skill level 18 in Axes
  9142 | D:7      | Found a runed translucent door.
  9143 | D:7      | Noticed Crazy Yiuf
  9150 | D:7      | Killed Crazy Yiuf
  9887 | D:8      | Found a staircase to the Lair.
  9923 | D:8      | Reached skill level 19 in Axes
 10963 | D:9      | Noticed a two-headed ogre
 10975 | D:9      | Killed a two-headed ogre
 10976 | D:9      | Reached XP level 11. HP: 47/82 MP: 10/10
 11170 | D:9      | Reached skill level 20 in Axes
 11374 | D:9      | Found a bloodstained altar of Trog.
 11374 | D:9      | Found an ancient bone altar of Kikubaaqudgha.
 11375 | D:9      | Found an ornate altar of the Wu Jian Council.
 11439 | D:9      | HP: 3/82 [killer bee (3)]
 11441 | D:9      | HP: 1/123 [poisoned by a killer bee]
 11442 | D:9      | Succumbed to a killer bee's poison

Illustrated notes

Levels and vault maps discovered:
D:1:      dpeg_arrival_radiant, layout_basic
D:2:      layout_loops_ring, basic_altar, minmay_pentomino_w2, uniq_natasha
D:3:      minmay_chambers_of_twos, layout_basic, ashenzari_altar_1,
          nicolae_qazlal_style_of_elements, kennysheep_cross_bottleneck
D:4:      layout_basic, xom_butterflies, minmay_temple_entry_from_below_b,
          minmay_manual_mess
D:5:      layout_basic, st_stairs_12, uniq_grinder, uniq_ijyb
D:6:      layout_basic, lemuel_crystal_altar, vehumet_crystals
D:7:      layout_cave_pods, nicolae_overflow_macrodata_refinement,
          enter_bailey_5, uniq_maggie, uniq_prince_ribbit1, uniq_maurice,
          uniq_jeremiah, uniq_pikel, uniq_crazy_yiuf_cottage
D:8:      layout_basic, grunt_lair_entry_orc_guard_hut
D:9:      layout_irregular_city, minitemple

Skill      XL: |  1  2  3  4  5  6  7  8  9 10 11 |
---------------+----------------------------------+-----
Axes           | 4 5 6 8 9 11 14 17 19 20 | 20.1
Fighting       | |  3.6
Armour         | |  2.4
Dodging        | |  2.1

Action                     |  1- 3 |  4- 6 |  7- 9 | 10-12 || total
---------------------------+-------+-------+-------+-------++-------
  Melee: Hand axe          |    43 |       |       |       ||    43
         Headbutt          |     6 |    12 |    38 |    32 ||    88
         Punch             |     1 |     1 |     3 |     2 ||     7
         Morningstar       |     5 |   121 |   236 |   208 ||   570
 Invoke: Berserk           |       |     3 |     7 |     1 ||    11
         Trog's Hand       |       |       |     3 |     4 ||     7
         Brothers in Arms  |       |       |     1 |     1 ||     2
  Evoke: Wand              |       |       |       |     1 ||     1
         Phial of floods   |       |       |       |     1 ||     1
    Use: Scroll            |       |       |     8 |     2 ||    10
         Potion            |       |       |     1 |     2 ||     3
 Armour: Animal skin       |    21 |       |       |       ||    21
         Ring mail         |     2 |   110 |    14 |       ||   126
         Chain mail        |       |       |   287 |       ||   287
         Plate armour      |       |       |     3 |   303 ||   306
         Skin              |       |       |       |     6 ||     6
  Dodge: Dodged            |    32 |    94 |   162 |   100 ||   388

Table legend: (Time is in decaauts)
 A = Elapsed time spent in this place.
 B = Non-inter-level travel time spent in this place.
 C = Inter-level travel time spent in this place.
 D = Time resting spent in this place.
 E = Time spent auto-exploring this place.
 F = Levels seen in this place.
 G = Mean time per level.
                   A        B        C        D        E       F      G
               +--------+--------+--------+--------+--------+-----+--------+
         Total |  11581 |  11265 |    316 |   4416 |   5139 |  10 | 1158.1 |
       Dungeon |  10676 |  10360 |    316 |   3852 |   5029 |   9 | 1186.2 |
        Bailey |    904 |    904 |      0 |    564 |    110 |   1 |  904.0 |
               +--------+--------+--------+--------+--------+-----+--------+

Top non-repeatable levels by time:
     D:7: 1988 daAuts
     D:3: 1334 daAuts
     D:5: 1242 daAuts
     D:6: 1193 daAuts
     D:8: 1084 daAuts
     D:9: 1070 daAuts
     D:4: 1033 daAuts
  Bailey: 904 daAuts
     D:1: 866 daAuts
     D:2: 860 daAuts
